 Dungeon Crawl Stone Soup version 0.30-a0-802-gb92711bcdf (webtiles) character file.

Game seed: 193933495587200912

175 Jeffwins the Caller (level 5, -1/41 HPs)
             Began as a Human Wanderer on Feb 24, 2023.
             Slain by a nameless horror (3 damage)
             ... created by miscasting Summon Ice Beast
             ... on level 2 of the Dungeon.
             The game lasted 00:06:13 (2792 turns).

Jeffwins the Caller (Human Wanderer)                Turns: 2792, Time: 00:06:14

Health: -1/41      AC:  6    Str: 14    XL:     5   Next: 86%
Magic:  0/9        EV: 11    Int: 17    God:
Gold:   23         SH:  0    Dex:  8    Spells: 1/9 levels left

rFire   . . .      SeeInvis .    a - +3 dagger (vamp)
rCold   . . .      Faith    .    (no shield)
rNeg    . . .      Spirit   .    c - +0 robe
rPois   .          Reflect  .    (no helmet)
rElec   .          Harm     .    e - +2 cloak
rCorr   .          Rampage  .    j - +0 pair of gloves
Will    .....                    (no boots)
Stlth   +                        (no amulet)
HPRegen 0.26/turn                (no ring)
MPRegen 0.11/turn                (no ring)

@: about to teleport
A: no striking features
a: no special abilities


You were on level 2 of the Dungeon.
You visited 1 branch of the dungeon, and saw 3 of its levels.

You collected 42 gold pieces.
You spent 19 gold pieces at shops.


   Skills:
 - Level 3.0 Fighting
 * Level 1.9 Short Blades
 + Level 1.6 Stealth
 * Level 2.8 Spellcasting
 * Level 0.6 Conjurations
 * Level 4.6 Summonings
 * Level 0.7 Ice Magic
 * Level 2.5 Earth Magic


You had one spell level left.
You knew the following spells:

 Your Spells              Type           Power      Damage    Failure   Level
b - Summon Ice Beast      Ice/Summ       11%        N/A       52%         4
w - Stone Arrow           Conj/Erth      14%        3d7       28%         3
z - Sandblast             Erth           20%        2d7       6%          1

Your spell library contained the following spells:

 Spells                   Type           Power      Damage    Failure   Level
 Summon Small Mammal      Summ           72%        N/A       2%          1
 Summon Guardian Golem    Hex/Summ       10%        N/A       21%         3
 Tukima's Dance           Hex            2%         N/A       47%         3
 Passage of Golubria      Tloc           2%         N/A       87%         4
 Yara's Violent Unravell  Hex/Tmut       1%         3d3       99%         5

Inventory:

Hand Weapons
 a - a +3 vampiric dagger (weapon)
Missiles
 o - 2 poisoned darts (quivered)
Armour
 c - a +0 robe (worn)
 e - a +2 cloak (worn)
 j - a +0 pair of gloves (worn)
Scrolls
 b - a scroll of teleportation {@r4}
 g - a scroll of enchant armour
 i - a scroll of enchant weapon
 k - a scroll of fear
Potions
 d - 3 potions of curing {@q1}
 f - a potion of heal wounds {@q2}

Dungeon Overview and Level Annotations

Branches:
Dungeon (3/15)

Altars:

Shops:
D:2 *[=*

Annotations:
D:3 Sigmund

##############..#.# #.#
#...............▒.# #.#
######.############....# #.#
................# #▒.∩.▒####.#
.....####.......# #.......##.#
.....# #.......# #..▒###.##.#
.....# ###'##### #..###..##.#
.....######.#######......###.#
................@.......(.##.#
#..#.######.#....X...........#
...#.# #.#.#####.##########
...#.######.......#.#
..............###.#.#
.#.#.#####..#####.#.#########
.#..........................#
.▓▓▓▓▓▓▓▓▓▓▓▓▓▓▓▓▓▓.#######.#
.▓.▓..▓..▓...▓▓▓..▓.# #.#


You could see a nameless horror.


Message History

You hit the nameless horror but do no damage.
The nameless horror is moderately damaged.
You hit the nameless horror.
The nameless horror is moderately damaged.
The nameless horror closely misses you.
You hit the nameless horror but do no damage.
The nameless horror is moderately damaged.
The nameless horror closely misses you.
You hit the nameless horror but do no damage.
The nameless horror is moderately damaged.
The nameless horror hits you!!
* * * LOW HITPOINT WARNING * * *
You feel your power leaking away.
You are too injured to fight recklessly!
You are too injured to fight recklessly!
You are too injured to fight recklessly!
You aren't carrying any items that you can evoke.
Unknown command.
You aren't carrying any items that you can evoke.
Okay, then.
As you read the scroll labelled ADDAEG TUSTYM, it crumbles to dust.
It is a scroll of brand weapon.
Your +3 dagger thirsts for the lives of mortals!
a - a +3 vampiric dagger (weapon)
The nameless horror hits you!!
* * * LOW HITPOINT WARNING * * *
Your magical contamination has completely faded away.
As you read the scroll of teleportation {@r4}, it crumbles to dust.
You feel strangely unstable. The nameless horror hits you.
You die...

Skill      XL: |  1  2  3  4 |
---------------+-------------+-----
Short Blades   | 1 |  1.9
Stealth        | 1 |  1.6
Earth Magic    | 2 |  2.5
Fighting       | |  3.0
Spellcasting   | |  2.8
Conjurations   | |  0.6
Summonings     | |  4.6
Ice Magic      | |  0.7

Action                     |  1- 3 |  4- 6 || total
---------------------------+-------+-------++-------
  Melee: Dagger            |    76 |    75 ||   151
  Throw: Dart              |       |     2 ||     2
   Cast: Sandblast         |    21 |    54 ||    75
    Use: Potion            |       |     5 ||     5
         Scroll            |       |     6 ||     6
   Stab: Sleeping          |     1 |     1 ||     2
 Armour: Robe              |    29 |    36 ||    65
         Skin              |       |    51 ||    51
  Dodge: Dodged            |    64 |    74 ||   138

Levels and vault maps discovered:
D:1:      co_arrival_square_in_a_square_in_a_square, layout_basic,
          roderic_serpentine_path, minmay_strange_pillars
D:2:      minmay_razor_zed, layout_basic, serial_shops, nicolae_diamond_shop,
          nicolae_shop_stone, nicolae_shop_crystal, shop_statue, kennysheep_nub,
          kennysheep_generic_room_2
D:3:      layout_rooms, uniq_sigmund

Notes
Turn   | Place    | Note
-------+----------+-------------------------------------------
     0 | D:1      | Jeffwins the Human Wanderer began the quest for the Orb.
     0 | D:1      | Jeffwins set off with the following items: a +0 club, a
                  | scroll of teleportation {@r4}, a +0 robe, a potion of
                  | curing {@q1}; and the following spells available to
                  | memorise: Summon Small Mammal, Sandblast, Summon Guardian
                  | Golem, Stone Arrow, Summon Ice Beast.
     0 | D:1      | Reached XP level 1. HP: 18/18 MP: 3/3
    14 | D:1      | Learned a level 1 spell: Sandblast
   251 | D:1      | Reached XP level 2. HP: 15/24 MP: 5/5
  1082 | D:2      | Reached XP level 3. HP: 28/29 MP: 6/6
  1092 | D:2      | Reached skill level 1 in Short Blades
  1182 | D:2      | Reached skill level 1 in Stealth
  1287 | D:2      | Found Vairiapp's General Store.
  1411 | D:2      | Reached XP level 4. HP: 35/35 MP: 4/7
  1480 | D:2      | Identified a potion of resistance
  1494 | D:2      | Reached skill level 2 in Earth Magic
  1960 | D:2      | Found Tujinokk's Assorted Antiques.
  1968 | D:2      | Bought a scroll labelled ADDAEG TUSTYM for 19 gold pieces
  2013 | D:2      | Reached XP level 5. HP: 41/41 MP: 8/8
  2088 | D:2      | Found Guchobli's Jewellery Shop.
  2150 | D:2      | Found Ritaum's Antique Armour Emporium.
  2194 | D:2      | Learned a level 4 spell: Summon Ice Beast
  2198 | D:2      | Learned a level 3 spell: Stone Arrow
  2748 | D:3      | Noticed Sigmund
  2782 | D:3      | Noticed a nameless horror
  2791 | D:2      | HP: 2/41 [nameless horror[miscasting Summon Ice Beast]
                  | (18)]
  2792 | D:2      | Slain by a nameless horror

Vanquished Creatures
  3 gnolls (D:2)
  9 adders
  2 worms (D:2)
  2 dart slugs
  2 ball pythons (D:2)
  4 endoplasms
  2 giant cockroaches (D:2)
  7 goblins
  5 hobgoblins
  2 jackals (D:2)
  5 kobolds
  3 quokkas
  4 frilled lizards
  8 rats
58 creatures vanquished.

Table legend: (Time is in decaauts)
 A = Elapsed time spent in this place.
 B = Non-inter-level travel time spent in this place.
 C = Inter-level travel time spent in this place.
 D = Time resting spent in this place.
 E = Time spent auto-exploring this place.
 F = Levels seen in this place.
 G = Mean time per level.
                   A        B        C        D        E       F      G
               +--------+--------+--------+--------+--------+-----+--------+
         Total |   2822 |   2752 |     70 |     27 |   2209 |   3 |  940.7 |
       Dungeon |   2822 |   2752 |     70 |     27 |   2209 |   3 |  940.7 |
               +--------+--------+--------+--------+--------+-----+--------+

Top non-repeatable levels by time:
     D:2: 1761 daAuts
     D:1: 1049 daAuts
     D:3: 11 daAuts

Table legend:
 A = Non-vault XP
 B = Vault XP
 C = Vault XP percentage of total XP
 D = Non-vault monster count
 E = Vault monster count
 F = Vault count percentage of total count
                 A         B        C        D         E       F
            +---------+---------+-------+---------+---------+-------
      Total |     168 |      83 |  33.1 |      41 |      17 |  29.3
            +---------+---------+-------+---------+---------+-------
        D:1 |      27 |       0 |   0.0 |      16 |       0 |   0.0
        D:2 |     113 |      83 |  42.3 |      23 |      17 |  42.5
        D:3 |      28 |       0 |   0.0 |       2 |       0 |   0.0
            +---------+---------+-------+---------+---------+-------
